 Dungeon Crawl Stone Soup version 0.28.0-49-g6dfe1f597d (webtiles) character file.

Game seed: 9918776383963498650

38 Kniotic the Insei (level 3, -3/26 HPs)
             Began as a Demonspawn Transmuter on May 11, 2022.
             Killed from afar by a dart slug (4 damage)
             ... with a slug dart
             ... on level 2 of the Dungeon.
             The game lasted 00:01:01 (1896 turns).

Kniotic the Insei (Demonspawn Transmuter)           Turns: 1896, Time: 00:01:02

Health: -3/26      AC:  2    Str: 10    XL:     3   Next: 25%
Magic:  5/6        EV: 12    Int: 14    God:
Gold:   98         SH:  0    Dex: 15    Spells: 5/6 levels left

rFire   . . .      SeeInvis .     - Unarmed
rCold   . . .      Faith    .   (no shield)
rNeg    . . .      Spirit   .   a - +0 robe
rPois   .          Reflect  .   (helmet currently unavailable)
rElec   .          Harm     .   (no cloak)
rCorr   .          Rampage  .   (no gloves)
Will    .....                   (boots currently unavailable)
Stlth   +.........              (no amulet)
HPRegen 0.08/turn               (no ring)
MPRegen 0.10/turn               (no ring)

@: appendages (expiring)
A: horns 2, talons 2, foul stench 1
a: End Transformation


You were on level 2 of the Dungeon.
You had temporarily grown beastly horns and talons.
You visited 1 branch of the dungeon, and saw 2 of its levels.

You collected 98 gold pieces.

Inventory:

Armour
 a - a +0 robe (worn)
Scrolls
 f - a scroll of fog {unknown}
 h - a scroll of teleportation {unknown}
 i - a scroll of summoning {unknown}
Potions
 b - 2 potions of heal wounds {unknown}
 c - a potion of cancellation {unknown}
 d - 2 potions of curing {unknown}
 e - a potion of brilliance {unknown}
 g - a potion of might {unknown}


   Skills:
 - Level 1.0 Fighting
 - Level 1.7 Dodging
 * Level 3.6 Unarmed Combat
 - Level 2.0 Spellcasting
 + Level 2.3 Transmutations


You had 5 spell levels left.
You knew the following spells:

 Your Spells              Type           Power      Damage    Failure   Level
a - Beastly Appendage     Tmut           16%        N/A       9%          1

Your spell library contained the following spells:

 Spells                   Type           Power      Damage    Failure   Level
 Wereblood                Tmut           8%         N/A       14%         2
 Spider Form              Tmut/Pois      4%         N/A       41%         3
 Gell's Gravitas          Tloc           1%         N/A       56%         3
 Lesser Beckoning         Tloc           1%         N/A       56%         3
 Teleport Other           Tloc           1%         N/A       56%         3
 Ice Form                 Ice/Tmut       4%         N/A       82%         4


Dungeon Overview and Level Annotations

Branches:
Dungeon (2/15)

Altars:


Innate Abilities, Weirdness & Mutations

You have temporarily grown beastly horns and talons.
You may rarely emit foul miasma when damaged in melee.


Message History

The helpless dart slug fails to defend itself.
You hit the dart slug.
The dart slug is lightly wounded.
The frilled lizard bites you but does no damage.
You hit the dart slug.
The dart slug is severely wounded.
The dart slug launches a dart at you. The slug dart hits you.
The frilled lizard bites you.
You hit the dart slug.
You kill the dart slug!
The dart slug launches a dart at you. The slug dart misses you.
The frilled lizard bites you.
You miss the frilled lizard. The frilled lizard bites you.
You barely miss the frilled lizard.
The frilled lizard bites you but does no damage.
You closely miss the frilled lizard. The frilled lizard bites you.
You hit the frilled lizard.
You kill the frilled lizard!
The worm bites you.
You hit the worm.
The worm is moderately wounded.
The dart slug launches a dart at you. The slug dart hits you.
You are too injured to fight recklessly!
You are too injured to fight recklessly!
You are too injured to fight recklessly!
You are too injured to fight recklessly!
You are too injured to fight recklessly!
Casting: Beastly Appendage (safe; 9% risk of failure)
Confirm with . or Enter, or press ? or * to list all spells.
You grow a pair of large bovine horns.
Your feet morph into talons.
The worm bites you!
* * * LOW HITPOINT WARNING * * *
The dart slug launches a dart at you. The slug dart hits you.
* * * LOW HITPOINT WARNING * * *
You see here a rat corpse.
The dart slug launches a dart at you. The slug dart hits you.
You die...

........................
.......# #..............
.......# #......††....?.
.......#########.w......
.......##.....##w=......
.......##.###.##.....#..
.)..........#.##†....#
............#.##....##
#######.....#.##@..##
#........'...#
#######.##.....+
#.#####.## #.. .# ####
##


You could see a worm and a dart slug.

Vanquished Creatures
  A dart slug (D:2)
  5 bats
  4 endoplasms
  A giant cockroach (D:1)
  3 goblins (D:1)
  3 hobgoblins
  3 quokkas
  5 ball pythons (D:1)
  3 frilled lizards
  3 kobolds (D:1)
  4 rats
35 creatures vanquished.

Notes
Turn   | Place    | Note
-------+----------+-------------------------------------------
     0 | D:1      | Kniotic the Demonspawn Transmuter began the quest for the
                  | Orb.
     0 | D:1      | Reached XP level 1. HP: 15/15 MP: 3/3
   117 | D:1      | Reached skill level 3 in Unarmed Combat
   291 | D:1      | Found a faded altar of an unknown god.
   307 | D:1      | Gained mutation: You may rarely emit foul miasma when
                  | damaged in melee. [demonic ancestry]
   307 | D:1      | Reached XP level 2. HP: 15/21 MP: 5/5
  1419 | D:1      | Reached XP level 3. HP: 26/26 MP: 6/6
  1890 | D:2      | HP: 1/26 [dart slug/slug dart (2)]
  1896 | D:2      | Killed from afar by a dart slug

Illustrated notes

Levels and vault maps discovered:
D:1:      eino_arrival_water_cross, layout_loops_corners,
          hellmonk_ecumenical_altar_lost_god
D:2:      layout_basic, minmay_3d_cube

Skill      XL: |  1 |
---------------+----+-----
Unarmed Combat | 3 |  3.6
Transmutations | 2 |  2.3
Fighting       | |  1.0
Dodging        | |  1.7
Spellcasting   | |  2.0

Action                   || total
-------------------------++-------
Melee: Unarmed           ||   113
       Punch             ||     3
 Cast: Beastly Appendage ||     1
 Stab: Sleeping          ||     4
Armor: Robe              ||    28
Dodge: Dodged            ||    67
